 Dungeon Crawl Stone Soup version 0.17.0-18-gaab0e96 (webtiles) character file.

4269 SKei0 the Grappler (level 10, 0/98 HPs)
             Began as a Troll Monk on Nov 11, 2015.
             Was an Elder of Makhleb.
             Slain by a hungry ghost (4 damage)
             ... on level 8 of the Dungeon.
             The game lasted 00:21:34 (6617 turns).

SKei0 the Grappler (Troll Monk)                     Turns: 6617, Time: 00:21:34

Health: 0/98       AC:  5    Str: 22    XL:     10   Next: 10%
Magic:  12/12      EV: 19    Int:  6    God:    Makhleb [****..]
Gold:   413        SH:  0    Dex: 19    Spells: 0 memorised, 9 levels left

rFire  . . .     SeeInvis .       - Unarmed
rCold  . . .     Clarity  .     a - +0 robe
rNeg   . . .     SustAt   .     (no shield)
rPois  .         Gourm    +     (helmet restricted)
rElec  .         Spirit   .     (no cloak)
rCorr  .         Warding  .     (gloves unavailable)
rMut   .         Stasis   .     (boots unavailable)
MR     .....                    (no amulet)
Stlth  ++++......               k - ring of stealth
                                y - ring of invisibility

@: agile, not resistant to hostile enchantments, stealthy
A: unfitting armour, claws 3, fast metabolism 3, gourmand, regeneration 2,
shaggy fur 1, tough skin 2
a: Minor Destruction, Lesser Servant of Makhleb, Major Destruction, Renounce
Religion, Evoke Invisibility


You were on level 8 of the Dungeon.
You worshipped Makhleb.
Makhleb was greatly pleased with you.
You were hungry.

You visited 3 branches of the dungeon, and saw 11 of its levels.

You collected 478 gold pieces.
You spent 65 gold pieces at shops.

Inventory:

Armour
 a - a +0 robe (worn)
Rods
 n - a -3 rod of destruction (12/12)
   (You took it off a hobgoblin on level 3 of the Dungeon)
Jewellery
 k - a ring of stealth (right claw)
 y - a ring of invisibility (left claw)
Wands
 I - a wand of paralysis (17)
Scrolls
 c - 2 scrolls of immolation
 e - a scroll of fear
 f - 3 scrolls of noise {unknown}
 g - 2 scrolls of magic mapping
 h - 3 scrolls of teleportation
 i - 12 scrolls of identify
 m - 3 scrolls of recharging {unknown}
 s - 8 scrolls of remove curse
 A - 2 scrolls of enchant armour {unknown}
 D - a scroll of blinking {unknown}
 E - a scroll of amnesia {unknown}
 L - a scroll of fog
Potions
 o - a potion of might {unknown}
 q - 3 potions of curing {unknown}
 r - a potion of brilliance {unknown}
 t - a potion of degeneration {unknown}
 u - a potion of magic {unknown}
 v - a potion of berserk rage {unknown}
 x - 2 potions of haste {unknown}
 z - a potion of invisibility {unknown}
 B - a potion of cancellation {unknown}
 C - a potion of cure mutation {unknown}
 G - a potion of lignification {unknown}
Books
 p - a book of Envenomations

   Spells                             Type                      Level
   a - Spider Form                    Transmutation/Poison         3
   b - Alistair's Intoxication        Transmutation/Poison         4
   c - Olgreb's Toxic Radiance        Poison                       4
   d - Poisonous Cloud                Conjuration/Poison/Air       6
 F - a book of Air

   Spells                             Type                      Level
   a - Shock                          Conjuration/Air              1
   b - Swiftness                      Charms/Air                   2
   c - Repel Missiles                 Charms/Air                   2
   d - Static Discharge               Conjuration/Air              3
   e - Lightning Bolt                 Conjuration/Air              5
 J - a book of Necromancy

   Spells                             Type                      Level
   a - Pain                           Necromancy                   1
   b - Animate Skeleton               Necromancy                   1
   c - Vampiric Draining              Necromancy                   3
   d - Regeneration                   Charms/Necromancy            3
   e - Animate Dead                   Necromancy                   4
   f - Control Undead                 Necromancy                   4
Comestibles
 b - 10 bread rations
 j - a royal jelly
 l - 8 meat rations
 w - 3 slices of pizza
 H - 2 fruits
 M - a beef jerky


   Skills:
 + Level 6.2 Fighting
 + Level 5.9 Dodging
 - Level 1.1 Stealth
 * Level 10.6 Unarmed Combat
 + Level 4.0 Evocations


You had 9 spell levels left.
You didn't know any spells.

Dungeon Overview and Level Annotations

Branches:
Dungeon (9/15)             Temple (1/1) D:5            Lair (1/8) D:8
    Orc: D:9-12

Altars:
Ashenzari
Cheibriados
Dithmenos
Elyvilon
Fedhas
Kikubaaqudgha
Makhleb
Nemelex Xobeh
Okawaru
Qazlal
Ru
Sif Muna
Trog
Vehumet
Xom
Yredelemnul
Zin
The Shining One

Shops:
D:5 [*[*!

Annotations:
Lair:1 exclusion: oklob plant


Innate Abilities, Weirdness & Mutations

You are too large for most types of armour.
You have claws for hands.
Your metabolism is lightning-fast.
You like to eat raw meat.
You heal very quickly.
You are covered in fur (AC +1).
You have very tough skin (AC +2).


Message History

You mangle the troll!!
You kill the troll!
Makhleb accepts your kill.
Your life force feels restored.
The hungry ghost hits you.
* * * LOW HITPOINT WARNING * * *
You feel a lot more hungry.
You scratch the hungry ghost.
The hungry ghost is lightly damaged.
The hungry ghost hits you.
* * * LOW HITPOINT WARNING * * *
You are feeling hungry.
You barely miss the hungry ghost. You scratch the hungry ghost.
The hungry ghost is lightly damaged.
The hungry ghost barely misses you.
You mangle the hungry ghost!!
The hungry ghost is severely damaged.
The hungry ghost hits you.
You die...

.....[..####..##.#.........######
........#.....##.#.........# #
..P.....#......#.#.........# #
P.........................#####
PP.....##....#.#.####...#.....#
PP.....##....#...# #.....###.#
.PPP.........##..# #..##...#.#
P..P.........##.†####...#.#.#.#
PPP..P.......###@W....#.#.#.#.#
PPPP..###....# #######....#.#.###
P..P.P# #....# #.....).(##.#.#..
PP....###....####.........#.#.#..
PPPP..##........#...........#)#..
PPP..###.######.#...........#)#..
.P.P.# #.# #.#.........<<#)#..
P...## #.# #.#........####.#..
....# #.# #.#........'....#..


You could see a hungry ghost.

Vanquished Creatures
  The ghost of 4thArraOfDagon the Ruffian, a novice MiMo of Cheibriados (D:7)
  A troll (D:8)
  The ghost of SKei0 the Ruffian, an amateur TrMo (D:4)
  3 ice beasts
  An orc warrior (D:8)
  5 ogres
  2 phantoms
  4 centaurs
  A necrophage (D:6)
  A big kobold (D:8)
  8 giant frogs
  2 scorpions
  5 wights (D:7)
  3 crimson imps
  2 giant frog zombies
  A wasp zombie (D:7)
  3 orc priests
  2 giant frog skeletons
  2 iguanas (D:7)
  A jelly (D:6)
  7 orc wizards
  6 hounds
  A gnoll shaman (D:6)
  Natasha (twice) (D:2)
  6 worker ants
  A worker ant zombie (D:8)
  8 gnolls
  A river rat (D:8)
  A shadow imp (D:7)
  9 adders
  An ooze (D:6)
  An adder skeleton (D:4)
  2 adder zombies (D:5)
  2 worms (D:4)
  4 giant geckos
  31 orcs
  3 ball pythons
  7 giant cockroaches
  8 hobgoblins
  2 jackals (D:7)
  8 bats
  3 giant newts
  8 goblins
  11 kobolds
  5 quokkas
  8 rats
  2 fungi (D:8)
  A plant (D:8)
198 creatures vanquished.

Notes
Turn   | Place    | Note
--------------------------------------------------------------
     0 | D:1      | SKei0 the Troll Monk began the quest for the Orb.
     0 | D:1      | Reached XP level 1. HP: 22/22 MP: 0/0
   223 | D:1      | Reached XP level 2. HP: 29/29 MP: 1/1
   546 | D:1      | You fall through a shaft!
   940 | D:2      | Noticed Natasha
   960 | D:2      | Killed Natasha
   960 | D:2      | Reached XP level 3. HP: 19/36 MP: 2/2
  1127 | D:2      | Noticed Natasha
  1131 | D:2      | Killed Natasha
  1467 | D:3      | Reached XP level 4. HP: 39/44 MP: 3/3
  1546 | D:3      | Reached skill level 5 in Unarmed Combat
  1911 | D:3      | Noticed a centaur
  1919 | D:3      | Killed a centaur
  1919 | D:3      | Reached XP level 5. HP: 34/53 MP: 4/4
  2062 | D:3      | Found a bloodstained altar of Trog.
  2248 | D:3      | Found a shattered altar of Ashenzari.
  2573 | D:4      | Noticed a phantom
  2592 | D:4      | Killed a phantom
  2592 | D:4      | Reached skill level 6 in Unarmed Combat
  2592 | D:4      | Reached XP level 6. HP: 44/61 MP: 5/5
  3068 | D:4      | Noticed SKei0's ghost (amateur TrMo)
  3096 | D:4      | Killed SKei0's ghost
  3096 | D:4      | Reached XP level 7. HP: 9/70 MP: 6/6
  3470 | D:5      | Entered Level 5 of the Dungeon
  3595 | D:5      | Reached skill level 7 in Unarmed Combat
  3681 | D:5      | Found Hudwic's Assorted Antiques.
  3716 | D:5      | Found Qife Zea's Distillery.
  3719 | D:5      | Bought a potion of heal wounds for 65 gold pieces
  3816 | D:5      | Found Vuteid's Assorted Antiques.
  3832 | D:5      | Found Oram's Armour Shoppe.
  4013 | D:5      | Found Bouxtos's Armour Boutique.
  4121 | D:5      | Found a staircase to the Ecumenical Temple.
  4127 | Temple   | Entered the Ecumenical Temple
  4148 | Temple   | Became a worshipper of Makhleb the Destroyer
  4148 | Temple   | Reached * piety under Makhleb
  4148 | Temple   | Reached ** piety under Makhleb
  4223 | D:5      | Found a sacrificial altar of Ru.
  4342 | D:6      | Reached skill level 1 in Evocations
  4361 | D:6      | Reached XP level 8. HP: 75/79 MP: 7/7
  4484 | D:6      | Reached skill level 8 in Unarmed Combat
  4553 | D:6      | Found a blossoming altar of Fedhas.
  4558 | D:6      | Found a shimmering altar of Xom.
  4595 | D:6      | Found an iron altar of Okawaru.
  4722 | D:6      | Reached skill level 5 in Fighting
  5144 | D:7      | Reached skill level 9 in Unarmed Combat
  5144 | D:7      | Reached XP level 9. HP: 77/88 MP: 8/10
  5158 | D:7      | Noticed 4thArraOfDagon's ghost (novice MiMo)
  5159 | D:7      | Reached skill level 5 in Dodging
  5174 | D:7      | Killed 4thArraOfDagon's ghost
  5249 | D:7      | Reached *** piety under Makhleb
  5457 | D:7      | Reached skill level 10 in Unarmed Combat
  5772 | D:8      | Reached **** piety under Makhleb
  6029 | D:8      | Found a staircase to the Lair.
  6074 | Lair:1   | Entered Level 1 of the Lair of Beasts
  6074 | Lair:1   | Noticed an oklob plant
  6228 | D:8      | Reached XP level 10. HP: 98/98 MP: 11/11
  6613 | D:8      | HP: 4/98 [hungry ghost (2)]
  6617 | D:8      | Slain by a hungry ghost

Action                   |  1- 3 |  4- 6 |  7- 9 | 10-12 || total
-------------------------+-------+-------+-------+-------++-------
Melee: Unarmed           |    86 |   137 |   403 |    24 ||   650
  Use: Scroll            |       |       |     9 |       ||     9
       Potion            |       |       |     2 |     1 ||     3
 Stab: Sleeping          |     3 |     3 |     2 |       ||     8
  Eat: Chunk             |    12 |    20 |    30 |     2 ||    64
